 Dungeon Crawl Stone Soup version 0.16.1-2-g95b8d4c (console) character file.

394 Monkaria the Covered (level 6, 0/56 HPs)
             Began as a Minotaur Skald on Mar 25, 2015.
             Slain by a quokka (1 damage)
             ... on level 5 of the Dungeon.
             The game lasted 00:05:57 (3705 turns).

Monkaria the Covered (Minotaur Skald)               Turns: 3705, Time: 00:05:57

Health: 0/56       AC:  6    Str: 18    XL:     6   Next: 51%
Magic:  14/14      EV: 10    Int:  9    God:
Gold:   297        SH:  0    Dex: 10    Spells: 1 memorised, 6 levels left

rFire  . . .     SeeInvis .     a - +0 falchion
rCold  . . .     Clarity  .     q - +0 ring mail
rNeg   . . .     SustAb   .     (no shield)
rPois  .         Gourm    .     (helmet restricted)
rElec  .         Spirit   .     (no cloak)
rCorr  .         Warding  .     (no gloves)
rMut   +         Stasis   .     (no boots)
MR     .....                    l - amulet of resist mutation
Stlth  ..........               v - ring of magical power
                                e - ring of teleport control

@: not resistant to hostile enchantments, extremely unstealthy
A: retaliatory headbutt, horns 2
a: Evoke Teleport Control


You were on level 5 of the Dungeon.
You were not hungry.

You visited 1 branch of the dungeon, and saw 5 of its levels.

You collected 297 gold pieces.

Inventory:

Hand weapons
 a - a +0 falchion (weapon)
 b - a +1 hand axe of flaming
 w - a +0 blowgun
Missiles
 o - 42 poisoned needles
Armour
 q - a +0 ring mail (worn)
Jewellery
 e - a ring of teleport control (left hand)
 l - an amulet of resist mutation (around neck)
 v - a ring of magical power (right hand)
Scrolls
 g - 2 scrolls of blinking {unknown}
 h - 2 scrolls of magic mapping {unknown}
 i - 3 scrolls of random uselessness {unknown}
 j - 5 scrolls of identify {unknown}
 k - 5 scrolls of fear {unknown}
 p - a scroll of noise {unknown}
 r - a scroll of amnesia {unknown}
 u - 2 scrolls of teleportation {unknown}
Potions
 f - a potion of flight {unknown}
 n - a potion of might
Books
 c - a book of Battle

   Spells                             Type                      Level
   a - Infusion                       Charms                       1
   b - Shroud of Golubria             Charms/Translocation         2
   c - Song of Slaying                Charms                       2
   d - Spectral Weapon                Hexes/Charms                 3
   e - Regeneration                   Charms/Necromancy            3
Comestibles
 d - 2 bread rations
 m - 3 beef jerkies


   Skills:
 - Level 5.0 Fighting
 - Level 4.3 Long Blades
 + Level 5.7 Armour
 - Level 1.1 Dodging
 - Level 1.3 Spellcasting
 - Level 2.0 Charms


You had 6 spell levels left.
You knew the following spells:

 Your Spells              Type           Power        Failure   Level  Hunger
a - Infusion              Chrm           #.....       30%         1    ##.....


Dungeon Overview and Level Annotations

Branches:
Dungeon (5/15)
 Temple: D:4-7

Altars:
Dithmenos
Xom
Zin


Innate Abilities, Weirdness & Mutations

You reflexively headbutt those who attack you in melee.
You have a pair of horns on your head.


Message History

Something hits you but does no damage. The rat completely misses you.
Unknown command.
You miss something. The hound bites you but does no damage.
The hound pauses to sniff the ground.
The hound barely misses you. Something hits you. Something shocks you.
The rat barely misses you.
You barely miss something. You headbutt something! The hound bites you.
* * * LOW HITPOINT WARNING * * *
The rat bites you but does no damage. The hound bites you but does no damage.
Unknown command.
The quokka misses you. The hound bites you.
* * * LOW HITPOINT WARNING * * *
Something hits you.
* * * LOW HITPOINT WARNING * * *
Something shocks you.
* * * LOW HITPOINT WARNING * * *
The hound bites you.
* * * LOW HITPOINT WARNING * * *
The hound bites you but does no damage. The quokka bites you.
You die...

#..# ..# ...# ..#
#..######## #.#
..oo......### # #.# #
#...........# #.#.# .#
#..#####....# .#.##.###
#..# ###....## ........
#..###.......#####r..#
#...............@r..#
###..........####h#$.#
###...##....## #.#...%#
#.............. ..........
..........###.#####.######
#.......#### .# /#
###.......... # .#
#...###### .# ##### .


You could see a hound, a quokka and a rat.

Vanquished Creatures
  An ogre (D:4)
  An orc priest (D:5)
  A hound (D:5)
  An orc wizard (D:5)
  A giant frog skeleton (D:4)
  3 worker ants (D:5)
  2 adders
  A shadow imp (D:5)
  2 worms
  An adder skeleton (D:4)
  2 oozes (D:1)
  6 orcs (D:5)
  A bat skeleton (D:4)
  5 giant cockroaches
  9 goblins
  10 hobgoblins
  12 kobolds
  14 bats
  2 giant geckos
  6 jackals (D:2)
  2 quokka skeletons
  A quokka zombie (D:5)
  9 rats
93 creatures vanquished.

Notes
Turn   | Place    | Note
--------------------------------------------------------------
     0 | D:1      | Monkaria, the Minotaur Skald, began the quest for the Orb.
     0 | D:1      | Reached XP level 1. HP: 18/18 MP: 2/2
    67 | D:1      | Reached skill level 3 in Fighting
   396 | D:1      | Reached XP level 2. HP: 26/26 MP: 2/2
   682 | D:1      | Reached skill level 4 in Fighting
   899 | D:2      | Reached XP level 3. HP: 31/33 MP: 3/3
  1034 | D:2      | Found a shimmering altar of Xom.
  1568 | D:3      | Reached skill level 5 in Fighting
  1795 | D:3      | Reached XP level 4. HP: 42/42 MP: 4/4
  1887 | D:3      | Found a glowing silver altar of Zin.
  2553 | D:4      | Noticed an ogre
  2561 | D:4      | Killed an ogre
  2561 | D:4      | Reached XP level 5. HP: 37/48 MP: 4/4
  2711 | D:4      | Found a shadowy altar of Dithmenos.
  2932 | D:5      | Entered Level 5 of the Dungeon
  3090 | D:5      | Reached XP level 6. HP: 17/56 MP: 5/5
  3359 | D:5      | Reached skill level 5 in Armour
  3691 | D:5      | Noticed a sky beast
  3705 | D:5      | HP: 1/56 [hound (4)]
  3705 | D:5      | Slain by a quokka

Action                   |  1- 3 |  4- 6 || total
-------------------------+-------+-------++-------
Melee: Falchion          |   116 |   117 ||   233
 Cast: Infusion          |       |     1 ||     1
  Use: Potion            |       |     6 ||     6
  Eat: Chunk             |     2 |     8 ||    10
